 Dungeon Crawl Stone Soup version 0.24.0-1-gfbc8707 (webtiles) character file.

Game seed: 74882235731655122, levelgen mode: deterministic

33 porkupine the Skirmisher (level 3, -5/34 HPs)
             Began as a Minotaur Abyssal Knight on Nov 9, 2019.
             Was a Follower of Lugonu.
             Slain by an ice beast (6 damage)
             ... on level 2 of the Dungeon.
             The game lasted 00:03:57 (993 turns).

porkupine the Skirmisher (Minotaur Abyssal Knight)   Turns: 993, Time: 00:03:58

Health: -5/34      AC:  6    Str: 17    XL:     3   Next: 12%
Magic:  12/12      EV:  9    Int:  9    God:    Lugonu [*.....]
Gold:   106        SH:  0    Dex:  9    Spells: 2/2 levels left

rFire    . . .     SeeInvis .   a - +2 spear
rCold    . . .     Gourm    .   (no shield)
rNeg     . . .     Faith    .   f - +0 scale mail
rPois    .         Spirit   .   (helmet restricted)
rElec    .         Reflect  .   (no cloak)
rCorr    .         Harm     .   (no gloves)
MR       .....                  (no boots)
Stlth    ..........             (no amulet)
HPRegen  0.11/turn              k - ring of magical power
MPRegen  0.13/turn              (no ring)

@: no status effects
A: retaliatory headbutt, horns 2, subdued magic 1
a: Depart the Abyss, Renounce Religion


You were on level 2 of the Dungeon.
You worshipped Lugonu.
Lugonu was aware of your devotion.
You were not hungry.

You visited 1 branch of the dungeon, and saw 2 of its levels.
You visited the Abyss 1 time.

You collected 106 gold pieces.

Inventory:

Hand Weapons
 a - a +2 spear (weapon)
Missiles
 e - 4 silver javelins (quivered)
Armour
 f - a +0 scale mail (worn)
Jewellery
 k - a ring of magical power (left hand)
Scrolls
 h - 2 scrolls of fog
 j - 3 scrolls of identify
 m - a scroll of noise {unknown}
Potions
 b - 2 potions of flight
 g - a potion of mutation {unknown}
 i - a potion of lignification {unknown}
 l - a potion of haste {unknown}
Comestibles
 c - 5 rations
 d - 3 chunks of flesh


   Skills:
 + Level 4.4 Fighting
 + Level 3.0 Polearms
 + Level 2.7 Armour
 + Level 1.2 Dodging
 * Level 2.1 Invocations


You had 2 spell levels left.
You didn't know any spells.
Your spell library was empty.

Dungeon Overview and Level Annotations

Branches:
Dungeon (2/15)

Altars:


Innate Abilities, Weirdness & Mutations

You reflexively headbutt those who attack you in melee.
You have a pair of horns on your head.
Your spells are a little easier to cast, but a little less powerful.


Message History

The ice beast is almost dead.
The ice beast barely misses you.
You closely miss the ice beast. Your headbutt misses the ice beast.
The ice beast is almost dead.
The ice beast hits you.
* * * LOW HITPOINT WARNING * * *
The ice beast freezes you!
* * * LOW HITPOINT WARNING * * *
You hit the ice beast but do no damage.
The ice beast is almost dead.
The ice beast closely misses you.
You barely miss the ice beast.
The ice beast is almost dead.
The ice beast hits you but does no damage.
You closely miss the ice beast.
The ice beast is almost dead.
The ice beast hits you.
* * * LOW HITPOINT WARNING * * *
The ice beast freezes you.
You die...

#. ... #. #.# #.##
##.## #... ... #
#..# #.# .####.
#..# ##.#####......
#..###....†........
#...@Yw.†.†.....#
##.###...†......#
#.# #.######...#
#.# #...# ...# #.#
###.## ..# #.#
##...## ..#
#.###.....##...#
#...............
#####.....##


You could see an ice beast and a worm.

Vanquished Creatures
  A dart slug (D:1)
  A leopard gecko (D:2)
  A giant cockroach (D:2)
  2 goblins
  3 hobgoblins
  7 jackals (D:2)
  4 kobolds
  3 bats
  5 rats
27 creatures vanquished.

Notes
Turn   | Place    | Note
-------+----------+-------------------------------------------
     0 | Abyss:1  | porkupine the Minotaur Abyssal Knight began the quest for
                  | the Orb.
     0 | Abyss:1  | Reached XP level 1. HP: 19/19 MP: 1/1
    39 | Abyss:1  | Noticed a shadow
    93 | Abyss:1  | Noticed a quicksilver dragon simulacrum
   101 | Abyss:1  | Noticed a neqoxec
   101 | Abyss:1  | Gained mutation: Your spells are a little easier to cast,
                  | but a little less powerful. [a neqoxec]
   137 | Abyss:2  | Noticed a large abomination
   165 | Abyss:3  | Found a corrupted altar of Lugonu.
   187 | Abyss:3  | Noticed a small abomination
   195 | Abyss:3  | Noticed a rakshasa
   208 | D:1      | Escaped the Abyss
   460 | D:1      | Reached * piety under Lugonu
   460 | D:1      | Reached skill level 4 in Fighting
   551 | D:1      | Reached XP level 2. HP: 27/27 MP: 2/2
   959 | D:2      | Reached XP level 3. HP: 33/33 MP: 3/3
   965 | D:2      | Noticed an ice beast
   993 | D:2      | HP: 1/34 [ice beast (2)]
   993 | D:2      | Slain by an ice beast

Levels and vault maps discovered:
D:1:      scummos_arrival_hexagon, layout_basic
D:2:      layout_loops_ring, grunt_ministairs_15

Skill      XL: |  1  2 |
---------------+-------+-----
Fighting       | 4 |  4.4
Invocations    | 2 |  2.1
Polearms       | 3 |  3.0
Armour         | |  2.7
Dodging        | |  1.2

Action                   || total
-------------------------++-------
Melee: Spear             ||    85
       Headbutt          ||    11
Invok: Depart the Abyss  ||     1
  Use: Scroll            ||     3
       Potion            ||     1
Armor: Scale mail        ||    25
Dodge: Dodged            ||    37
